Map: Templo óseo EE

Players

MrFercho - Winner!

  • Race: Zerg Zerg
  • League: Gold
  • Spawn Location: 12:00

tigro - Winner!

  • Race: Terran Terran
  • League: Bronze
  • Spawn Location: 3:00

TATORREA - Winner!

  • Race: Protoss Protoss
  • League: Gold
  • Spawn Location: 1:00

MRCOFFEE

  • Race: Protoss Protoss
  • League: Silver
  • Spawn Location: 7:00

Iosanrriu

  • Race: Terran Terran
  • Spawn Location: 6:00

LUKZ

  • Race: Terran Terran
  • League: Bronze
  • Spawn Location: 7:00

VOD

Have the link to the VOD?

Description

Time

  • Played on: July 20, 2020, 9:23 p.m.
  • Length: 16:15
Show
View Real Time Build Order
Export as new Build Order

MrFercho Zerg - Winner!

Build Orders: Hatch First 

Get SALT Encoding   

  12  0:02  Drone  
  13  0:18  Overlord  
  13  0:19  Drone  
  14  0:36  Drone x2  
  16  0:54  Drone  
  16  0:56  Hatchery  
  16  0:58  Drone  
  17  1:04  Drone  
  17  1:11  Extractor  
  17  1:21  Spawning Pool  
  17  1:22  Drone  
  17  1:26  Drone  
  18  1:34  Drone  
  19  1:45  Overlord  
  19  2:02  Drone  
  20  2:09  Queen x2  
  20  2:11  Zergling x4  
  26  2:19  Metabolic Boost  
  26  2:20  Drone x2  
  28  2:27  Drone  
  29  2:30  Drone  
  30  2:38  Drone  
  30  2:40  Drone  
  32  2:49  Queen  
  34  2:59  Lair  
  34  3:01  Drone x2  
  34  3:03  Overlord  
  36  3:08  Extractor  
  36  3:10  Drone  
  36  3:11  Extractor, Drone  
  36  3:21  Baneling Nest, Drone x3  
  38  3:28  Drone x3  
  38  3:29  Drone  
  38  3:31  Drone  
  43  3:47  Drone  
  44  3:49  Overlord x3  
  44  4:13  Zergling x14  
  44  4:15  Nydus Network  
  50  4:20  Hatchery  
  49  4:46  Overseer  
  49  5:03  Zergling x4  
  49  5:04  Zergling x20  
  49  5:06  Hatchery  
  60  5:20  Spine Crawler  
  60  5:21  Spore Crawler  
  58  5:22  Spine Crawler, Drone x4  
  58  5:23  Drone  
  62  5:29  Zergling x4  
  62  5:35  Spine Crawler  
  63  5:36  Spine Crawler  
  63  5:42  Drone  
  63  5:43  Drone x2  
  63  5:45  Queen  
  67  6:03  Drone x2  
  68  6:05  Drone  
  68  6:06  Extractor  
  65  6:28  Pneumatized Carapace  
  65  6:50  Nydus Canal  
  66  6:54  Zergling x20  
  66  6:55  Zergling x8  
  79  7:03  Drone  
  75  7:32  Zergling x4  
  75  7:33  Zergling x8  
  79  7:41  Nydus Canal  
  58  8:34  Zergling x2  
  58  8:35  Zergling x42  
  75  9:02  Hydralisk Den  
  73  9:04  Zergling x12  
  79  9:14  Nydus Canal  
  79  9:34  Hydralisk  
  79  9:37  Overlord  
  79  9:38  Overlord x6  
  79  9:39  Overlord x2  
  70  9:57  Overseer  
  59  10:18  Hydralisk x18  
  95  10:24  Muscular Augments  
  95  10:29  Drone  
  95  10:30  Drone x3  
  97  11:01  Nydus Canal  
  97  11:02  Hydralisk  
  97  11:03  Hydralisk x11  
  121  11:13  Evolution Chamber  
  121  11:16  Infestation Pit  
  119  11:35  Grooved Spines  
  109  11:47  Hydralisk x3  
  109  11:48  Hydralisk x5  
  84  12:15  Nydus Canal  
  84  12:16  Hydralisk  
  84  12:17  Hydralisk x4  
  94  12:26  Overseer  
  94  12:28  Zergling x2  
  94  12:29  Zergling x22  
  98  13:20  Hive  
  98  13:23  Drone x11  
  98  13:24  Lurker Den, Drone x5  
  97  13:32  Hydralisk x2  
  101  13:48  Zergling x12  
  107  14:09  Extractor  
  106  14:13  Extractor  
  106  14:14  Nydus Canal  
  105  14:22  Hydralisk x8  
  85  15:20  Hatchery  
  73  15:24  Hydralisk x13  
  98  15:30  Hatchery  
  98  15:31  Zergling x2  
  98  15:32  Zergling x6  
Show
View Real Time Build Order
Export as new Build Order

tigro Terran - Winner!

Build Orders:  

Get SALT Encoding   

  12  0:03  SCV  
  13  0:15  SCV  
  14  0:27  SCV  
  15  0:35  Supply Depot  
  15  0:37  Refinery  
  15  0:57  SCV  
  16  0:58  Supply Depot  
  16  1:03  Barracks  
  16  1:09  SCV  
  17  1:18  Refinery  
  17  1:21  SCV  
  18  1:33  SCV  
  19  1:43  Engineering Bay  
  19  1:45  SCV  
  20  1:51  Marine  
  21  1:57  SCV  
  22  2:09  Marine  
  22  2:14  Factory, SCV  
  24  2:27  Marine, SCV  
  26  2:30  Terran Infantry Weapons Level 1  
  26  2:39  Orbital Command  
  26  2:44  Marine  
  27  2:59  Factory Tech Lab  
  27  3:02  Marine  
  28  3:23  Barracks Tech Lab  
  28  3:27  Command Center  
  28  3:38  Starport  
  28  3:44  Combat Shield  
  28  4:17  Barracks  
  28  4:19  Siege Tank  
  31  4:24  Terran Infantry Armor Level 1  
  31  4:40  Refinery  
  31  4:41  SCV  
  32  4:53  SCV  
  32  4:57  Medivac  
  35  5:03  Stimpack  
  35  5:06  SCV  
  36  5:12  Marine  
  35  5:18  SCV  
  36  5:29  Marine  
  36  5:30  SCV  
  38  5:47  Barracks Reactor, Marine  
  39  5:55  Starport, Starport Tech Lab  
  39  6:05  Marine  
  40  6:18  Hi-Sec Auto Tracking  
  40  6:23  Marine  
  41  6:37  Starport Tech Lab  
  41  6:41  Marine  
  42  6:47  Missile Turret  
  42  6:58  Marine, SCV  
  44  7:10  SCV  
  44  7:11  Missile Turret  
  45  7:16  Marine  
  45  7:22  SCV  
  47  7:28  Marine x2  
  49  7:34  Marine, SCV  
  51  7:38  Missile Turret  
  51  7:46  Marine x2, SCV  
  54  7:51  Command Center  
  54  7:52  Marine  
  55  8:00  Missile Turret  
  55  8:04  Marine x2  
  57  8:10  Marine  
  58  8:22  Marine x2  
  60  8:28  Marine  
  54  8:39  Marine  
  54  8:40  Marine  
  53  8:45  Marine  
  50  8:57  Medivac x2, Marine  
  50  8:58  Marine  
  56  9:03  Marine  
  57  9:15  Marine x2  
  59  9:21  Marine, Fusion Core  
  60  9:27  Refinery  
  60  9:33  Marine x2  
  62  9:39  Marine  
  63  9:51  Marine x2  
  61  9:57  Marine  
  59  10:09  Armory, Marine x2  
  61  10:14  Marine  
  56  10:26  Marine  
  56  10:27  Marine  
  55  10:32  Marine  
  49  10:42  Neosteel Armor  
  49  10:44  Marine x2  
  49  10:45  Weapon Refit  
  49  10:49  Battlecruiser  
  63  10:50  Marine  
  63  10:54  Medivac  
  60  11:01  Refinery  
  60  11:02  Marine x2  
  62  11:06  SCV  
  62  11:08  Marine  
  64  11:15  Supply Depot  
  64  11:18  SCV  
  64  11:20  Marine x2  
  64  11:24  Battlecruiser  
  73  11:26  Marine  
  73  11:30  SCV  
  75  11:38  Marine x2  
  75  11:39  Supply Depot  
  77  11:42  SCV  
  77  11:43  Marine  
  79  11:53  Battlecruiser  
  85  12:00  SCV  
  86  12:22  Terran Infantry Weapons Level 2  
  86  12:25  Rapid Reignition System  
  86  13:09  SCV  
  87  13:17  Supply Depot  
  87  13:21  SCV  
  87  13:24  Battlecruiser x2  
  100  13:33  SCV  
  101  13:40  Supply Depot, Refinery  
  101  13:41  Thor  
  101  13:45  SCV  
  108  13:58  SCV  
  108  14:10  SCV  
  87  14:22  SCV  
  68  14:28  Battlecruiser x2  
  76  14:34  SCV  
  77  14:46  SCV  
  78  15:09  Planetary Fortress  
Show
View Real Time Build Order
Export as new Build Order

TATORREA Protoss - Winner!

Build Orders:  

Get SALT Encoding   

  12  0:03  Probe  
  13  0:15  Probe  
  14  0:27  Pylon  
  14  0:28  Probe  
  15  0:45  Probe  
  16  0:53  Gateway  
  16  0:59  Probe  
  17  1:07  Assimilator, Probe  
  17  1:10  Pylon  
  18  1:15  Probe  
  19  1:26  Probe  
  20  1:38  Probe  
  21  1:48  Nexus  
  21  1:50  Pylon  
  21  1:53  Pylon  
  21  2:05  Assimilator  
  21  2:11  Probe  
  22  2:22  Zealot  
  24  2:23  Probe  
  24  2:26  Cybernetics Core  
  25  2:35  Probe  
  26  2:39  Gateway  
  26  2:47  Probe  
  27  2:54  Zealot  
  29  2:59  Probe  
  29  3:05  Pylon  
  30  3:10  Gateway, Probe  
  32  3:12  Probe  
  32  3:20  Warp Gate  
  32  3:23  Probe  
  32  3:25  Probe, Zealot  
  36  3:35  Probe  
  36  3:36  Twilight Council  
  36  3:38  Probe  
  38  3:47  Probe  
  39  3:50  Probe  
  39  3:53  Gateway  
  40  3:57  Charge, Zealot  
  40  3:59  Probe  
  40  4:00  Zealot  
  45  4:02  Probe  
  46  4:11  Probe  
  46  4:15  Probe  
  46  4:16  Forge  
  48  4:25  Assimilator, Probe  
  48  4:27  Probe  
  48  4:28  Assimilator  
  48  4:29  Zealot  
  52  4:34  Zealot  
  52  4:36  Zealot  
  56  4:38  Probe  
  56  4:41  Probe  
  56  4:43  Protoss Ground Weapons Level 1  
  58  4:52  Probe  
  59  4:53  Probe  
  60  5:27  Blink  
  60  5:28  Pylon  
  60  5:30  Zealot  
  60  5:31  Zealot x2  
  60  5:32  Zealot  
  60  5:35  Pylon  
  68  5:47  Pylon  
  68  6:09  Zealot x3  
  68  6:10  Zealot  
  76  6:22  Gateway  
  76  6:27  Templar Archives  
  70  6:57  Nexus  
  70  7:00  Pylon, Zealot  
  70  7:01  Zealot x3  
  74  7:02  Pylon  
  74  7:03  Probe x2  
  76  7:15  Probe x2, Protoss Ground Weapons Level 2  
  71  7:18  Zealot  
  70  7:27  Probe  
  70  7:28  Probe  
  68  7:37  Forge  
  68  7:38  Forge  
  68  7:39  Probe  
  68  7:40  Probe  
  68  7:41  Gateway  
  68  7:42  Gateway  
  70  7:44  Gateway  
  70  7:53  Probe x2  
  70  7:56  Gateway, Zealot x3  
  70  7:57  Zealot x2  
  70  7:58  Gateway  
  82  8:00  Gateway  
  82  8:04  Gateway  
  82  8:05  Probe  
  82  8:06  Robotics Facility, Probe  
  82  8:10  Probe  
  85  8:18  Probe x2  
  87  8:21  Assimilator  
  87  8:22  Probe  
  87  8:24  Assimilator  
  88  8:33  Nexus  
  88  8:35  Pylon  
  88  8:37  Pylon  
  80  9:21  Zealot x4  
  80  9:22  Zealot x6  
  80  9:23  Zealot x2  
  98  9:25  Immortal  
  88  9:35  Protoss Ground Armor Level 1  
  88  9:36  Protoss Shields Level 1  
  88  9:58  Probe x3  
  92  10:00  Probe  
  92  10:09  Zealot  
  92  10:10  Probe x3, Zealot  
  92  10:11  Zealot x3  
  92  10:12  Zealot x3  
  92  10:13  Zealot x3  
  117  10:14  Zealot  
  117  10:18  Immortal  
  105  10:57  Immortal  
  105  11:00  Zealot x5  
  105  11:01  Zealot x5  
  105  11:02  Zealot x2  
  101  11:15  Protoss Ground Weapons Level 3  
  99  11:21  Protoss Ground Armor Level 2  
  99  11:24  Protoss Shields Level 2  
  99  11:36  Immortal  
  99  11:38  Assimilator  
  99  11:39  Assimilator  
  103  11:40  High Templar x5  
  103  11:41  Gateway, High Templar x5  
  103  11:42  High Templar x2  
  103  11:44  Gateway, Archon x2  
  103  11:45  Archon  
  103  11:46  Gateway x2, Archon x3  
  127  11:49  Pylon  
  127  11:50  Pylon  
  127  11:53  Pylon  
  127  11:55  Pylon  
  127  11:57  Pylon  
  127  11:59  Pylon  
  131  12:15  Immortal  
  131  12:25  Psionic Storm  
  131  12:32  High Templar  
  131  12:33  High Templar x2  
  131  12:34  High Templar x2  
  131  12:35  High Templar  
  131  12:36  High Templar x5  
  153  12:37  High Templar  
  153  12:40  Archon x2  
  153  12:41  Archon x3  
  155  12:46  Nexus  
  155  12:49  Pylon  
  155  12:54  Pylon  
  155  12:55  Immortal  
  155  12:56  Zealot  
  155  12:57  Zealot x2  
  155  12:58  Zealot  
  167  13:04  Robotics Bay  
  167  13:06  Gateway  
  167  13:08  Gateway  
  167  13:10  Gateway, Zealot x2  
  167  13:12  Gateway  
  171  13:13  Zealot  
  171  13:15  Zealot  
  171  13:18  Zealot  
  177  13:21  Zealot  
  177  13:24  Zealot  
  181  13:33  Zealot  
  181  13:34  Immortal, Zealot x2  
  187  13:36  Zealot  
  187  13:38  Zealot  
  195  13:41  Zealot  
  195  13:47  Zealot  
Show
View Real Time Build Order
Export as new Build Order

MRCOFFEE Protoss 

Build Orders:  

Get SALT Encoding   

  12  0:02  Probe  
  13  0:18  Pylon  
  13  0:26  Probe  
  14  0:31  Pylon  
  14  0:34  Probe  
  14  0:41  Assimilator  
  14  0:42  Probe  
  16  0:57  Probe  
  17  1:09  Probe  
  17  1:10  Gateway  
  18  1:21  Probe  
  19  1:33  Probe  
  19  1:34  Assimilator  
  20  1:41  Probe  
  21  1:49  Probe  
  22  2:10  Gateway  
  22  2:11  Pylon  
  22  2:14  Cybernetics Core  
  22  2:22  Probe  
  23  2:26  Zealot  
  25  2:30  Warp Gate  
  25  2:39  Nexus  
  25  2:52  Gateway  
  25  3:10  Stalker, Pylon  
  25  3:11  Forge  
  27  3:27  Stalker  
  29  3:40  Stalker  
  31  3:46  Pylon  
  31  3:47  Protoss Ground Weapons Level 1  
  31  3:50  Stalker  
  33  3:58  Probe  
  34  4:03  Probe  
  35  4:10  Probe  
  35  4:16  Photon Cannon  
  36  4:22  Probe  
  37  4:30  Probe  
  37  4:36  Probe  
  39  4:38  Probe  
  39  4:40  Protoss Air Weapons Level 1  
  40  4:48  Probe x2  
  42  4:56  Probe  
  42  4:57  Probe  
  42  4:58  Stargate  
  42  4:59  Pylon  
  42  5:04  Probe  
  42  5:05  Probe  
  46  5:14  Probe  
  47  5:24  Stalker  
  47  5:25  Stalker x2  
  53  5:43  Void Ray  
  57  5:51  Probe  
  57  5:56  Protoss Shields Level 1  
  58  6:23  Stalker  
  58  6:24  Stalker x2  
  64  6:25  Void Ray  
  60  6:47  Stalker x3  
  66  7:08  Void Ray  
  64  7:17  Stalker x3  
  62  7:41  Zealot x3  
  68  7:51  Void Ray  
  68  8:03  Stalker  
  70  8:11  Pylon x2  
  70  8:13  Pylon  
  70  8:15  Pylon  
  68  8:29  Stalker x2  
  68  8:30  Stalker  
  52  8:55  Gateway x4  
  52  8:59  Gateway x2  
  52  9:00  Gateway  
  52  9:01  Gateway  
  52  9:02  Stalker x3  
  58  9:03  Gateway  
  52  9:24  Pylon  
  52  9:26  Pylon  
  52  9:27  Void Ray  
  52  9:28  Pylon  
  49  9:35  Stalker  
  51  9:38  Stalker  
  49  9:51  Stalker x4  
  49  9:52  Stalker  
  57  10:09  Void Ray  
  57  10:12  Zealot x3  
  57  10:13  Zealot x3  
  73  10:14  Pylon  
  73  10:15  Pylon  
  73  10:17  Pylon  
  66  10:41  Zealot x6  
  66  10:42  Zealot  
  80  10:45  Stalker x3  
  80  10:46  Stalker  
  88  10:52  Void Ray  
  86  11:05  Twilight Council  
  78  11:28  Stargate  
  78  11:32  Pylon  
  78  11:33  Pylon  
  78  11:38  Protoss Ground Armor Level 1  
  48  12:13  Charge  
  48  12:20  Sentry x2  
  52  12:28  Stalker x3  
  52  12:29  Stalker x2  
  62  12:31  Zealot x4  
  70  12:57  Stalker x6  
  70  12:58  Stalker x4  
  86  13:04  Void Ray  
  90  13:47  Stalker x4  
  98  13:52  Void Ray  
  68  14:40  Stalker x2  
  68  14:41  Stalker  
Show
View Real Time Build Order
Export as new Build Order

Iosanrriu Terran 

Build Orders: Gas First Reaper Expand 

Get SALT Encoding   

  12  0:20  SCV  
  13  0:22  Supply Depot  
  13  0:27  Refinery  
  13  0:32  SCV  
  14  0:44  SCV  
  14  0:49  Barracks  
  15  1:02  SCV  
  16  1:14  SCV  
  17  1:45  Reaper  
  18  2:12  Command Center  
  18  2:22  Factory  
  18  3:22  SCV  
  18  3:26  Factory Tech Lab  
  19  3:30  Starport  
  19  3:34  SCV  
  20  3:42  Refinery  
  20  3:45  Refinery  
  20  3:47  SCV x2  
  22  3:59  SCV x2  
  22  4:02  Cyclone  
  27  4:03  Supply Depot  
  27  4:11  SCV x2  
  29  4:24  SCV  
  30  4:32  Fusion Core  
  30  4:34  Cyclone  
  30  4:36  SCV  
  34  4:42  Refinery  
  34  4:47  Starport Tech Lab  
  33  6:09  Orbital Command  
  33  6:11  Orbital Command  
  33  6:15  Battlecruiser  
  39  6:21  Starport  
  39  6:42  Supply Depot  
  39  7:04  Supply Depot  
  39  7:06  SCV  
  40  7:11  SCV  
  39  7:19  SCV  
  29  7:23  SCV  
  27  7:31  SCV  
  27  7:35  SCV  
  24  7:43  SCV  
  24  7:55  SCV  
  20  8:29  Supply Depot  
  14  8:47  Orbital Command  
  14  9:31  Fusion Core  
  8  10:22  Starport Tech Lab  
  8  10:24  Starport Tech Lab  
  8  10:34  Refinery  
  8  10:46  Battlecruiser  
  8  10:47  Battlecruiser  
  19  11:08  Command Center  
  19  11:31  Supply Depot  
  14  12:28  Supply Depot  
  14  12:50  Supply Depot  
    15:06  Starport Tech Lab  
Show
View Real Time Build Order
Export as new Build Order

LUKZ Terran 

Build Orders:  

Get SALT Encoding   

  12  0:04  SCV  
  13  0:16  Supply Depot  
  13  0:18  SCV  
  14  0:30  SCV  
  15  0:42  Engineering Bay, SCV  
  16  0:54  SCV  
  17  1:00  Barracks  
  17  1:07  SCV  
  18  1:12  Missile Turret  
  18  1:18  Refinery  
  18  1:19  SCV  
  19  1:31  SCV  
  20  1:36  Missile Turret  
  20  1:43  SCV  
  21  1:55  SCV  
  22  2:02  Refinery  
  22  2:07  SCV  
  23  2:10  Supply Depot  
  23  2:11  Supply Depot  
  23  2:19  Missile Turret x2  
  23  2:25  Orbital Command  
  23  2:53  SCV  
  24  3:02  Command Center  
  24  3:06  SCV  
  25  3:16  Missile Turret  
  25  3:18  SCV  
  26  3:33  SCV  
  27  3:45  Sensor Tower, SCV  
  27  3:48  Missile Turret  
  28  3:49  Missile Turret  
  28  3:50  Missile Turret  
  28  3:57  SCV  
  29  4:09  SCV  
  30  4:21  SCV  
  31  4:27  Missile Turret  
  31  4:28  SCV  
  32  4:33  SCV  
  33  4:40  SCV  
  33  4:41  Refinery x2  
  34  4:45  SCV  
  34  4:52  SCV  
  36  4:57  Missile Turret  
  36  4:58  SCV  
  37  5:04  SCV, Missile Turret  
  38  5:08  Missile Turret x2  
  38  5:10  SCV  
  39  5:16  SCV  
  39  5:19  Command Center  
  40  5:22  SCV  
  41  5:28  SCV  
  42  5:40  SCV  
  42  5:41  Missile Turret  
  43  5:43  Missile Turret  
  43  5:44  Missile Turret  
  43  5:48  SCV  
  44  5:52  SCV  
  45  5:58  Supply Depot  
  45  5:59  Supply Depot  
  45  6:00  Supply Depot, SCV  
  45  6:02  Supply Depot  
  46  6:05  SCV  
  47  6:13  SCV  
  47  6:17  SCV  
  49  6:25  SCV  
  50  6:29  SCV  
  51  6:37  SCV  
  52  6:41  SCV  
  53  6:50  SCV  
  53  6:53  SCV  
  43  7:02  SCV  
  43  7:05  SCV  
  41  7:14  SCV  
  42  7:26  SCV  
  39  7:31  SCV  
  37  7:39  SCV  
  37  7:43  SCV  
  39  7:48  Factory  
  39  7:49  Factory  
  39  7:52  Factory  
  39  7:54  SCV  
  39  7:55  SCV  
  41  7:58  Refinery x2  
  41  8:06  SCV  
  41  8:08  SCV x2  
  44  8:18  SCV  
  45  8:20  SCV x2  
  47  8:30  SCV  
  47  8:31  Missile Turret  
  47  8:32  SCV  
  47  8:33  Missile Turret  
  49  8:36  Factory Tech Lab  
  49  8:40  Factory Tech Lab x2  
  49  8:42  SCV  
  33  10:13  Command Center  
  33  10:14  Refinery  
  33  10:17  Refinery  
  33  10:25  SCV  
  33  10:37  SCV  
  34  10:49  SCV  
  35  11:02  SCV  
  36  11:14  SCV  
  37  11:26  SCV  
  38  11:38  Factory Tech Lab, SCV  
  39  11:43  Factory Tech Lab  
  40  12:00  SCV  
  36  12:12  SCV  
  37  12:24  SCV  
  33  12:57  SCV  
  34  13:09  SCV  
  35  13:21  SCV  
  36  13:54  Command Center  
  36  13:55  Refinery  
  36  13:58  Refinery  
  36  14:06  SCV  
  37  14:18  SCV  
  37  14:30  SCV  
  27  14:42  SCV  
  28  14:47  Siege Tank x3  
  34  14:54  SCV  
  25  15:06  SCV  
Tags
 
Add a new tag
Caveats
  • Supply blocks, unpowered buildings, or Contaminate may cause inaccurate times.
  • Supply counts are checked every 10 seconds.